Map: Cactus Valley LE (Void)

Players

Railgan

  • Race: Zerg Zerg
  • League: Grandmaster
  • Spawn Location: 1:00

Rodzyn - Winner!

  • Race: Protoss Protoss
  • League: Master
  • Spawn Location: 7:00

VOD

Have the link to the VOD?

Description

Time

  • Played on: March 18, 2017, 6:43 p.m.
  • Length: 22:09
Show
View Real Time Build Order
Export as new Build Order

Railgan Zerg 

Build Orders: Pool First, Swarm Host 

Get SALT Encoding   

  12  0:02  Drone  
  13  0:12  Overlord  
  13  0:17  Drone  
  14  0:30  Drone x2  
  14  0:35  Drone  
  17  0:45  Drone  
  17  0:49  Spawning Pool  
  17  0:56  Drone  
  18  1:13  Hatchery  
  18  1:14  Extractor  
  16  1:20  Drone x2  
  18  1:33  Drone  
  18  1:36  Queen  
  18  1:38  Zergling x2  
  22  1:48  Roach Warren  
  22  1:49  Drone  
  23  2:01  Overlord  
  23  2:18  Metabolic Boost  
  23  2:19  Queen  
  23  2:21  Drone x2  
  27  2:26  Drone, Queen  
  30  2:32  Drone  
  31  2:40  Evolution Chamber, Drone  
  31  2:43  Drone  
  31  2:48  Drone x2  
  31  2:50  Overlord  
  33  2:55  Drone  
  34  2:59  Zergling x2  
  35  3:06  Zerg Melee Weapons Level 1  
  35  3:10  Drone x2  
  35  3:12  Drone  
  38  3:18  Overlord  
  38  3:20  Zergling x4  
  38  3:22  Drone x2  
  42  3:28  Drone  
  42  3:29  Drone  
  42  3:31  Lair  
  44  3:42  Drone x5  
  44  3:45  Extractor  
  44  3:46  Extractor  
  47  3:48  Overlord  
  47  3:50  Drone x2  
  47  3:54  Drone  
  50  3:59  Roach Warren  
  48  4:03  Drone  
  48  4:04  Drone x2  
  48  4:08  Extractor  
  50  4:10  Drone  
  50  4:12  Drone  
  50  4:13  Drone  
  50  4:15  Drone  
  54  4:23  Drone  
  55  4:29  Overlord  
  55  4:32  Zergling x6  
  55  4:33  Infestation Pit, Zergling x2  
  55  4:37  Overseer  
  58  4:45  Glial Reconstitution  
  58  4:47  Overlord  
  58  4:48  Roach  
  58  4:49  Roach x2  
  64  4:54  Roach  
  64  4:55  Overlord  
  66  5:00  Zergling x2  
  67  5:07  Zergling x4  
  67  5:12  Roach  
  70  5:15  Zergling x8  
  70  5:18  Roach  
  75  5:25  Drone  
  75  5:28  Roach  
  73  5:37  Overlord  
  73  5:40  Drone  
  73  5:43  Hatchery  
  73  5:45  Drone, Zerg Melee Weapons Level 2  
  73  5:49  Drone, Baneling Nest  
  73  5:50  Drone  
  73  5:54  Drone x2  
  73  5:56  Roach  
  78  5:59  Roach  
  78  6:03  Roach  
  78  6:04  Overlord  
  82  6:15  Overlord, Zergling x4  
  84  6:23  Roach x2  
  88  6:26  Swarm Host  
  88  6:41  Zergling x8  
  88  6:42  Zergling x2  
  90  6:48  Swarm Host x2  
  95  6:58  Swarm Host x4  
  95  7:01  Overlord x2  
  113  7:03  Centrifical Hooks  
  113  7:07  Overlord  
  113  7:21  Zergling x4  
  113  7:22  Zergling x6  
  118  7:24  Zergling x2  
  118  7:25  Zergling x2  
  117  7:33  Baneling x11  
  117  7:34  Zergling x12  
  121  7:38  Queen  
  121  7:42  Baneling x4  
  123  8:04  Swarm Host  
  123  8:05  Swarm Host x3  
  135  8:08  Overlord x2  
  135  8:17  Baneling x6  
  133  8:24  Zergling x2  
  133  8:25  Zergling x8  
  126  8:27  Zergling x2  
  127  8:41  Zergling x6  
  127  8:42  Zergling x2  
  127  8:47  Roach  
  127  8:48  Roach x4  
  131  8:55  Roach  
  128  9:01  Zergling x2  
  131  9:03  Baneling x2  
  121  9:10  Swarm Host x2  
  121  9:14  Zergling x2  
  121  9:15  Zergling x2  
  125  9:22  Zergling x6  
  126  9:30  Zergling x4  
  127  9:37  Zergling x8  
  129  9:41  Zergling x2  
  129  9:44  Roach  
  129  9:45  Roach  
  127  9:46  Zergling x2  
  127  9:49  Drone  
  127  9:50  Drone  
  121  9:55  Queen  
  123  10:04  Ravager x7  
  123  10:21  Drone x2  
  124  10:23  Drone  
  124  10:24  Drone  
  126  10:30  Queen  
  126  10:35  Infestor x2  
  132  10:59  Hatchery  
  131  11:19  Swarm Host x2  
  131  11:21  Overlord x2  
  140  11:26  Overlord  
  140  11:33  Zerg Missile Weapons Level 1  
  140  11:52  Zergling x12  
  144  12:18  Zergling x2  
  144  12:19  Zergling x10  
  148  12:23  Overseer  
  144  12:38  Swarm Host x4  
  161  12:46  Infestor  
  158  13:16  Drone  
  158  13:17  Drone  
  160  13:36  Hatchery  
  157  14:02  Overseer  
  157  14:09  Infestor x3  
  159  14:13  Burrow, Neural Parasite  
  163  14:25  Hatchery  
  162  14:43  Overlord  
  162  14:44  Overlord  
  162  14:45  Baneling  
  162  14:46  Baneling x3  
  162  15:06  Overseer  
  160  15:25  Infestor x3  
  164  15:37  Drone x2  
  165  16:40  Infestor x6  
  176  16:56  Overseer  
  170  17:22  Extractor x2  
  168  17:24  Pneumatized Carapace  
  168  17:26  Drone  
  169  17:30  Zergling x16  
  169  17:31  Overlord  
  176  17:38  Spore Crawler  
  176  17:40  Spine Crawler  
  162  17:56  Swarm Host x2  
  174  18:05  Drone x3  
  177  18:13  Hatchery  
  177  18:19  Drone  
  173  18:45  Zergling x2  
  171  18:58  Hatchery  
Show
View Real Time Build Order
Export as new Build Order

Rodzyn Protoss - Winner!

Build Orders: 1 Gate Expand 

Get SALT Encoding   

  12  0:00  Probe (Chrono Boost)  
  13  0:11  Probe (Chrono Boost)  
  14  0:18  Pylon  
  14  0:23  Probe (Chrono Boost)  
  15  0:36  Probe (Chrono Boost)  
  15  0:41  Gateway  
  16  0:47  Probe (Chrono Boost)  
  16  0:49  Assimilator  
  17  0:57  Probe (Chrono Boost)  
  18  1:08  Probe (Chrono Boost)  
  19  1:20  Nexus  
  19  1:31  Cybernetics Core  
  19  1:35  Probe (Chrono Boost)  
  20  1:47  Assimilator  
  20  1:48  Probe (Chrono Boost)  
  20  1:52  Pylon  
  21  1:58  Probe (Chrono Boost)  
  22  2:08  Adept  
  22  2:10  Probe (Chrono Boost)  
  22  2:13  Warp Gate  
  25  2:24  Probe (Chrono Boost)  
  25  2:34  Probe (Chrono Boost)  
  28  2:37  Mothership Core (Chrono Boost)  
  28  2:44  Probe (Chrono Boost)  
  28  2:50  Twilight Council  
  29  2:54  Adept  
  29  2:55  Probe (Chrono Boost)  
  29  2:56  Probe (Chrono Boost)  
  34  3:05  Probe (Chrono Boost)  
  34  3:06  Probe (Chrono Boost)  
  35  3:15  Resonating Glaives  
  35  3:16  Probe (Chrono Boost)  
  35  3:17  Probe (Chrono Boost)  
  38  3:27  Robotics Facility, Probe (Chrono Boost)  
  38  3:28  Probe (Chrono Boost)  
  39  3:38  Probe (Chrono Boost)  
  39  3:40  Probe (Chrono Boost)  
  41  3:46  Gateway  
  41  3:47  Gateway  
  42  3:48  Probe (Chrono Boost)  
  42  3:49  Pylon  
  42  3:52  Probe (Chrono Boost)  
  43  3:59  Probe (Chrono Boost)  
  45  4:03  Pylon  
  45  4:04  Probe (Chrono Boost)  
  45  4:09  Probe (Chrono Boost)  
  46  4:16  Probe (Chrono Boost)  
  47  4:17  Warp Prism  
  47  4:20  Probe (Chrono Boost), Stalker  
  52  4:25  Assimilator  
  52  4:26  Assimilator  
  52  4:28  Probe (Chrono Boost)  
  54  4:32  Probe (Chrono Boost)  
  54  4:40  Probe (Chrono Boost)  
  54  4:43  Adept x3  
  54  4:44  Probe (Chrono Boost)  
  62  4:50  Pylon  
  61  5:07  Probe (Chrono Boost)  
  62  5:15  Adept, Probe (Chrono Boost)  
  64  5:22  Immortal  
  64  5:27  Probe (Chrono Boost)  
  64  5:28  Probe (Chrono Boost)  
  63  5:38  Gateway  
  63  5:39  Gateway x2, Probe (Chrono Boost)  
  63  5:42  Gateway x2  
  62  5:46  Sentry x3  
  66  5:56  Pylon, Immortal  
  70  6:07  Pylon  
  70  6:10  Pylon  
  70  6:14  Adept x3  
  76  6:22  Pylon  
  76  6:24  Pylon  
  76  6:25  Pylon  
  76  6:33  Observer  
  77  6:46  Stalker x2  
  80  6:49  Adept x2  
  80  6:50  Adept x2  
  80  6:52  Sentry x2  
  92  7:04  Pylon  
  92  7:10  Pylon  
  92  7:12  Adept x3  
  92  7:13  Adept x3  
  104  7:29  Pylon  
  104  7:34  Adept x3  
  104  7:35  Adept x5  
  120  7:39  Pylon  
  118  7:55  Adept x3  
  118  7:56  Adept x5  
  102  8:27  Adept x2  
  102  8:28  Adept x6  
  92  8:49  Adept x6  
  92  8:50  Adept  
  93  9:04  Probe (Chrono Boost)  
  91  9:16  Adept x5  
  91  9:17  Adept x3  
  64  9:53  Probe (Chrono Boost)  
  64  9:56  Probe (Chrono Boost)  
  64  9:59  Templar Archives  
  59  10:01  Adept  
  59  10:02  Adept x7  
  64  10:28  Probe (Chrono Boost)  
  64  10:33  Dark Shrine  
  64  10:36  High Templar x4  
  64  10:37  High Templar x4  
  80  10:43  Archon  
  80  10:44  Archon x3  
  80  11:09  Adept x2  
  80  11:10  Adept x5  
  89  11:28  Probe (Chrono Boost)  
  89  11:32  Adept x6  
  98  11:33  Adept x2  
  98  11:38  Nexus  
  104  11:43  Pylon  
  104  12:11  Dark Templar x5  
  106  12:20  Zealot  
  96  12:44  Dark Templar  
  96  12:45  Dark Templar x2  
  102  12:53  Probe (Chrono Boost)  
  103  13:19  Probe (Chrono Boost)  
  94  13:27  Immortal  
  94  13:29  Assimilator  
  94  13:30  Assimilator  
  98  13:35  Adept x3  
  98  13:36  Adept x3  
  108  14:05  Adept x5  
  108  14:06  Adept x2  
  108  14:07  Immortal  
  110  14:43  High Templar x2  
  110  14:44  High Templar x2  
  110  14:45  Nexus  
  118  14:47  Warp Prism  
  118  14:49  Archon x2  
  120  15:02  Adept  
  120  15:03  Adept x3  
  118  15:25  Pylon  
  117  15:34  Adept x4  
  117  15:35  Adept x4  
  129  15:49  Assimilator  
  129  15:50  Assimilator  
  129  16:01  Dark Templar x2  
  133  16:10  Dark Templar x2  
  137  16:21  Dark Templar x2  
  141  16:30  Adept x2  
  145  16:48  Adept x4  
  153  16:55  Probe (Chrono Boost)  
  153  16:58  Adept  
  153  16:59  Adept x3  
  160  17:05  Probe (Chrono Boost)  
  159  17:19  Dark Templar x4  
  159  17:23  Adept  
  161  17:36  Nexus  
  159  17:38  Pylon  
  133  17:51  Dark Templar  
  135  18:05  Adept x3  
  137  18:06  Adept x4  
  143  18:18  Immortal  
  131  18:44  Shadow Stride  
  131  18:48  Adept x6  
  119  18:49  Adept x2  
  123  18:57  Immortal  
  125  19:03  Assimilator  
  125  19:07  Assimilator  
  125  19:09  Probe (Chrono Boost)  
  129  19:10  Probe (Chrono Boost)  
  129  19:11  Probe x2 (Chrono Boost)  
  97  19:34  Adept  
  97  19:35  Adept x7  
  109  19:57  Adept x7  
  109  19:58  Adept  
  123  20:20  Nexus  
  123  20:22  Pylon  
  123  20:23  Pylon  
  119  20:43  Dark Templar x2  
  119  20:44  Adept x4  
  119  20:45  Adept x2  
  119  20:46  Immortal  
  137  21:05  Dark Templar x2  
  137  21:06  Dark Templar x4  
  105  21:31  Adept x2  
  103  21:38  Observer, Adept  
  103  21:39  Adept x5  
  107  21:47  Probe (Chrono Boost)  
  96  21:48  Probe (Chrono Boost)  
  92  21:57  Adept  
  92  21:58  Adept  
  94  22:01  Adept x4  
  94  22:02  Adept x2  
Tags
 
Add a new tag
Caveats
  • Supply blocks, unpowered buildings, or Contaminate may cause inaccurate times.
  • Supply counts are checked every 10 seconds.